 Dungeon Crawl Stone Soup version 0.30-a0-364-gf6b3ef1049 (webtiles) character file.

Game seed: 8153318664958247411

133 Nerdsrcool the Magician (level 5, -1/35 HPs)
             Began as a Djinni Earth Elementalist on Nov 14, 2022.
             Slain by a water moccasin (2 damage)
             ... on level 4 of the Dungeon on Nov 15, 2022.
             The game lasted 00:15:18 (2543 turns).

Nerdsrcool the Magician (Djinni Earth Elementalist) Turns: 2543, Time: 00:15:19

Health: -1/35      AC:  3    Str:  9    XL:     5   Next: 40%
Gold:   163        EV: 12    Int: 16    God:
                   SH:  0    Dex: 14

rFire   + + +      SeeInvis .    b - +0 whip
rCold   x x .      Faith    +    f - orb {guile}
rNeg    . . .      Spirit   .    l - +0 leather armour
rPois   ∞          Reflect  .    (no helmet)
rElec   .          Harm     .    (no cloak)
rCorr   .          Rampage  .    (no gloves)
Will    .....                    (boots unavailable)
Stlth   ++........               m - amulet of faith
HPRegen 0.25/turn                p - ring of fire
MPRegen 0.00/turn                (no ring)

@: flying
A: sickness immunity, fire resistance 2, cold vulnerability 1, float, innate
caster, HP casting, extra vitality 1
a: no special abilities


You were on level 4 of the Dungeon.
You visited 1 branch of the dungeon, and saw 4 of its levels.

You collected 163 gold pieces.

Inventory:

Hand Weapons
 b - a +0 whip (weapon)
 r - a +0 short sword
Missiles
 g - a throwing net
 k - 11 boomerangs
Armour
 a - a +0 robe
 f - an orb of guile (worn)
 l - a +0 leather armour (worn)
Jewellery
 m - an amulet of faith (around neck)
 p - a ring of fire (left hand)
Scrolls
 c - a scroll of blinking {unknown}
 d - a scroll of teleportation
 e - 2 scrolls of identify {unknown}
 h - a scroll of brand weapon {unknown}
 i - 2 scrolls of noise {unknown}
 q - 2 scrolls of magic mapping
Potions
 j - a potion of cancellation {unknown}
 n - a potion of heal wounds {unknown}
 o - 2 potions of might {unknown}
 s - 2 potions of curing {unknown}


   Skills:
 + Level 0.3 Armour
 + Level 2.5 Dodging
 + Level 1.8 Stealth
 + Level 4.2 Spellcasting


You couldn't memorise any spells.
You knew the following spells:

 Your Spells              Type           Power      Damage    Failure   Level
a - Sandblast             Erth           32%        2d9       4%          1
b - Passwall              Tmut/Erth      13%        N/A       6%          2
c - Stone Arrow           Conj/Erth      32%        3d9       12%         3
d - Petrify               Tmut/Erth      16%        N/A       36%         4
e - Necrotise             Necr           64%        1d7       4%          1
f - Momentum Strike       Conj/Tloc      32%        3d8       6%          2
Your spell library was empty.

Dungeon Overview and Level Annotations

Branches:
Dungeon (4/15)
 Temple: D:4-7

Altars:


Innate Abilities, Weirdness & Mutations

You are immune to sickness and miasma.
You are immune to poison.
Your flesh is very heat resistant. (rF++)
You are vulnerable to cold. (rC-)
You float through the air rather than walking.
You learn spells naturally, not from books.
Your magical power is your life essence.
You have superior vitality. (+4 MHP)


Message History

Welcome back, Nerdsrcool the Djinni Earth Elementalist.
Press ? for a list of commands and other information.
You fly downwards.
The water moccasin hisses angrily.
Found a falchion.
There is a stone staircase leading up here.
Aiming: Passwall (safe; 6% risk of failure)
Press: ? - help, Q - select action, (/) - cycle Dir - move target You can't see that place.
You begin to meditate on the wall.
You continue meditating on the rock.
The water moccasin barely misses you.
You continue meditating on the rock.
The water moccasin barely misses you. The water moccasin closely misses you.
You continue meditating on the rock.
The water moccasin closely misses you.
You finish merging with the rock.
The water moccasin writhes in agony.
The water moccasin bites you.
The water moccasin struggles to resist.
The water moccasin barely misses you.
The water moccasin struggles to resist.
The water moccasin bites you.
The water moccasin writhes in agony!
The water moccasin bites you. x2
The water moccasin writhes in agony!
The water moccasin closely misses you.
The water moccasin struggles to resist.
The water moccasin bites you!
* * * LOW HITPOINT WARNING * * *
The water moccasin closely misses you.
You are too injured to fight recklessly!
Aiming: Necrotise (safe; 4% risk of failure)
Press: ? - help, Q - select action, (/) - cycle Shift-Dir - straight line, f/p - water moccasin
Aim: a water moccasin (severely wounded, chance to affect: 86%)
The water moccasin writhes in agony.
* * * LOW HITPOINT WARNING * * *
The water moccasin bites you!
* * * LOW HITPOINT WARNING * * *
Aiming: Sandblast (safe; 4% risk of failure)
Press: ? - help, Q - select action, (/) - cycle Shift-Dir - straight line, f/p - water moccasin
Aim: a water moccasin (almost dead, 70% to hit)
The blast of sand hits the water moccasin but does no damage.
The water moccasin is almost dead.
* * * LOW HITPOINT WARNING * * *
The water moccasin misses you. The water moccasin bites you.
You die...

# #. #.. #.g.
#)...###########..
#................#
#..<##@#
#.......S........
#...............#
#.###############
#


You could see a water moccasin.

Vanquished Creatures
  An orc priest (D:3)
  An orc wizard (D:3)
  2 adders (D:2)
  2 dart slugs
  5 orcs (D:3)
  7 endoplasms
  A giant cockroach (D:2)
  3 goblins
  7 hobgoblins
  3 kobolds
  3 quokkas
  4 ball pythons
  8 bats
  A frilled lizard (D:1)
  3 rats
51 creatures vanquished.

Notes
Turn   | Place    | Note
-------+----------+-------------------------------------------
     0 | D:1      | Nerdsrcool the Djinni Earth Elementalist began the quest
                  | for the Orb.
     0 | D:1      | Nerdsrcool set off with the following spells memorised:
                  | Sandblast, Passwall, Stone Arrow, Petrify.
     0 | D:1      | Reached XP level 1. HP: 15/15 MP: 0/0
   147 | D:1      | Reached XP level 2. HP: 21/21 MP: 0/0
   604 | D:1      | Reached skill level 3 in Spellcasting
   619 | D:1      | Reached XP level 3. HP: 24/25 MP: 0/0
   619 | D:1      | Learned a level 1 spell: Necrotise
  1266 | D:2      | Reached XP level 4. HP: 31/31 MP: 0/0
  2117 | D:3      | Reached skill level 4 in Spellcasting
  2117 | D:3      | Reached XP level 5. HP: 17/35 MP: 0/0
  2117 | D:3      | Learned a level 2 spell: Momentum Strike
  2531 | D:4      | Noticed a water moccasin
  2543 | D:4      | Slain by a water moccasin

Illustrated notes

Levels and vault maps discovered:
D:1:      sevenhm_arrival_forest_fort_small_3, layout_basic
D:2:      layout_rooms
D:3:      layout_basic, grunt_ministairs_8, minmay_splitting_lines
D:4:      layout_basic, uniq_edmund

Skill      XL: |  1  2  3  4 |
---------------+-------------+-----
Spellcasting   | 3 4 |  4.2
Armour         | |  0.3
Dodging        | |  2.5
Stealth        | |  1.8

Action                   |  1- 3 |  4- 6 || total
-------------------------+-------+-------++-------
Melee: Whip              |     3 |     3 ||     6
 Cast: Sandblast         |    37 |    33 ||    70
       Passwall          |     6 |     7 ||    13
       Necrotise         |       |    10 ||    10
  Use: Scroll            |       |     3 ||     3
Armor: Leather armour    |       |     6 ||     6
Dodge: Dodged            |     5 |    19 ||    24

Table legend: (Time is in decaauts)
 A = Elapsed time spent in this place.
 B = Non-inter-level travel time spent in this place.
 C = Inter-level travel time spent in this place.
 D = Time resting spent in this place.
 E = Time spent auto-exploring this place.
 F = Levels seen in this place.
 G = Mean time per level.
                   A        B        C        D        E       F      G
               +--------+--------+--------+--------+--------+-----+--------+
         Total |   2576 |   2576 |      0 |    200 |   1814 |   4 |  644.0 |
       Dungeon |   2576 |   2576 |      0 |    200 |   1814 |   4 |  644.0 |
               +--------+--------+--------+--------+--------+-----+--------+

Top non-repeatable levels by time:
     D:3: 1070 daAuts
     D:1: 1062 daAuts
     D:2: 431 daAuts
     D:4: 11 daAuts
